 Dungeon Crawl Stone Soup version 0.30-b1-2-g02819fbbbe (webtiles) character file.

Game seed: 6354783537199639197

24945 skufidon the Severer (level 13, -7/118 HPs)
             Began as a Hill Orc Fighter on July 25, 2023.
             Was an Elder of Trog.
             Mangled by Snorg (14 damage)
             ... on level 14 of the Dungeon.
             The game lasted 00:32:10 (13429 turns).

skufidon the Severer (Hill Orc Fighter)            Turns: 13429, Time: 00:32:12

Health: -7/118     AC: 33    Str: 24    XL:     13   Next: 16%
Magic:  13/13      EV:  9    Int:  8    God:    Trog [****..]
Gold:   976        SH:  5    Dex: 16    Spells: 12/12 levels left

rFire   . . .        b - +5 executioner's axe (heavy)
rCold   . . .        (shield currently unavailable)
rNeg    . . .        C - +9 plate armour of the Many Leylines {Will++}
rPois   .            (no helmet)
rElec   .            m - +2 cloak
rCorr   .            f - +0 pair of gloves
SInv    .            y - +0 pair of boots
Will    ++...        v - amulet of reflection Stlth
                     n - +4 ring of protection
HPRegen 0.39/turn    q - +6 ring of dexterity
MPRegen 0.13/turn

%: reflection
@: on berserk cooldown, hasted and slowed
A: no striking features
a: Renounce Religion, Berserk, Trog's Hand, Brothers in Arms


You were on level 14 of the Dungeon.
You worshipped Trog.
Trog was greatly pleased with you.
You visited 2 branches of the dungeon, and saw 15 of its levels.

You collected 976 gold pieces.

Inventory:

Hand Weapons
 a - a +1 war axe
 b - a +5 heavy executioner's axe (weapon)
 L - a +0 demon blade of venom
Missiles
 B - 2 throwing nets (quivered)
Armour
 c - a +0 buckler
 f - a +0 pair of gloves (worn)
 m - a +2 cloak (worn)
 y - a +0 pair of boots (worn)
 C - the +9 plate armour of the Many Leylines (worn) {Will++}
   (You acquired it on level 7 of the Dungeon)

   Will:      It greatly increases your willpower.
Jewellery
 j - a ring of flight
 n - a +4 ring of protection (left hand)
 q - a +6 ring of dexterity (right hand)
 v - an amulet of reflection (around neck)
Wands
 e - a wand of flame (25)
 A - a wand of light (18)
 E - a wand of charming (11)
 F - a wand of polymorph (8)
 J - a wand of digging (2)
Scrolls
 r - 3 scrolls of fog
 t - 5 scrolls of teleportation
 D - 11 scrolls of identify
 H - 2 scrolls of magic mapping
 N - 2 scrolls of silence
Potions
 d - a potion of might
 g - 9 potions of curing
 h - a potion of cancellation
 i - 3 potions of degeneration
 k - 3 potions of mutation
 l - a potion of magic
 o - 4 potions of lignification
 p - 4 potions of attraction
 s - a potion of resistance
 u - 3 potions of ambrosia
 w - a potion of heal wounds
 M - 2 potions of berserk rage


   Skills:
 + Level 12.0 Fighting
 + Level 17.5 Axes
 + Level 9.6 Armour
 + Level 3.8 Dodging
 + Level 1.6 Stealth
 + Level 12.0 Shields


You had 12 spell levels left.
You didn't know any spells.
Your spell library contained the following spells:

 Spells                   Type           Power      Damage    Failure   Level
 Ignite Poison            Fire/Tmut/Pois 0%         N/A       100%        3
 Sticky Flame             Conj/Fire      0%         2d3       100%        4
 Ignition                 Fire           0%         3d3       100%        8


Dungeon Overview and Level Annotations

Branches:
Dungeon (14/15)            Temple (1/1) D:5            Lair (0/5) D:10
    Orc (0/2) D:12         Vaults (0/5) D:13

Altars:
Ashenzari
Cheibriados
Dithmenos
Elyvilon
Fedhas
Gozag
Hepliaklqana
Kikubaaqudgha
Makhleb
Nemelex Xobeh
Okawaru
Qazlal
Ru
Sif Muna
Trog
Uskayaw
Vehumet
Wu Jian
Xom
Yredelemnul
Zin
The Shining One
Beogh

Shops:
D:12 =

Portals:
Ossuary: D:6

Annotations:
D:5 1 runed translucent door, Setanta's ghost, amateur OpFi
D:14 Snorg


Message History

You closely miss Snorg.
Snorg is moderately wounded.
You are no longer berserk.
You are exhausted.
You feel yourself slow down. Snorg bites you but does no damage.
Snorg barely misses you. Snorg claws you but does no damage.
Snorg closely misses you. Snorg claws you. Snorg claws you but does no damage.
You feel much better. Snorg bites you but does no damage.
Snorg claws you but does no damage. Snorg closely misses you.
Snorg bites you but does no damage. You block Snorg's attack.
Snorg closely misses you.
The brown ugly thing basks in the mutagenic energy from its kin and changes!
You fail to use your ability.
Snorg bites you. Snorg barely misses you. Snorg claws you!
Snorg bites you but does no damage.
Snorg claws you but does no damage. x2; You block Snorg's attack.
Snorg claws you but does no damage. Snorg claws you!
You cut Snorg into ribbons!!!
Snorg is heavily wounded.
Snorg bites you but does no damage. You block Snorg's attack. Snorg claws you!
Snorg bites you!
* * * LOW HITPOINT WARNING * * *
Snorg claws you but does no damage. Snorg claws you!
* * * LOW HITPOINT WARNING * * *
Snorg misses you. You block Snorg's attack. Snorg claws you.
* * * LOW HITPOINT WARNING * * *
Blink to where?
Press: ? - help, Dir - move target
As you read the scroll of blinking, it crumbles to dust.
You feel yourself speed up.
You feel much better. Snorg bites you!
* * * LOW HITPOINT WARNING * * *
Snorg claws you!
* * * LOW HITPOINT WARNING * * *
Snorg claws you but does no damage. Snorg bites you.
* * * LOW HITPOINT WARNING * * *
Snorg claws you.
* * * LOW HITPOINT WARNING * * *
Snorg claws you but does no damage. Snorg bites you but does no damage.
Snorg claws you!
You die...

#?# #.#########.#####
#.####.#########.######
......................#
#......#########.####.#
######## #####.####.#
#####.####.#
#####.####.##
###.#.###...#
#..@#...#.# ###T#.# #
#.u.# ###.# #u# #[# #u#
#T# #.#


You could see Snorg (berserk) and 2 ugly things.

Vanquished Creatures
  Nessos (D:12)
  A vault guard (D:13)
  4 boulder beetles
  3 two-headed ogres
  A tengu warrior (D:14)
  Amaemon (D:10)
  3 wizards (D:13)
  4 ugly things
  2 cyclopes (D:13)
  4 manticores
  An orange demon (D:10)
  A gargoyle (D:12)
  2 unseen horrors (D:12)
  A freezing wraith (D:7)
  A tengu conjurer (D:14)
  3 trolls
  A hornet (D:9)
  A centaur simulacrum (D:14)
  Sigmund (D:6)
  4 vampires
  A wyvern (D:10)
  2 wraiths (D:11)
  21 humans (D:13)
  8 yaks
  A basilisk (D:13)
  6 vampire mosquitoes (D:12)
  3 wargs (D:10)
  2 acid dragons
  Duvessa (D:5)
  3 ice beasts
  6 orc warriors
  2 black bears
  2 ogres (D:6)
  A centaur (D:12)
  A phantom (D:5)
  5 kobold brigands
  The ghost of Darold the Chiller, an amateur KoIE (D:4)
  Blork the orc (D:6)
  3 bullfrogs (D:9)
  A gnoll sergeant (D:11)
  2 scorpions (D:4)
  5 wights (D:8)
  Dowan (D:5)
  5 howler monkeys
  5 hounds
  2 jellies (D:7)
  10 orc priests
  2 gnoll boudas (D:9)
  4 iguanas
  7 orc wizards
  18 gnolls
  11 adders
  4 worms
  3 dart slugs
  50 orcs
  5 bats
  An endoplasm (D:4)
  4 giant cockroaches
  2 goblins
  5 hobgoblins
  24 kobolds
  10 ball pythons
  4 frilled lizards
  10 rats
  A butterfly (D:5)
306 creatures vanquished.

Notes
Turn   | Place    | Note
-------+----------+-------------------------------------------
     0 | D:1      | skufidon the Hill Orc Fighter began the quest for the Orb.
     0 | D:1      | Reached XP level 1. HP: 19/19 MP: 1/1
   121 | D:1      | Reached XP level 2. HP: 27/27 MP: 2/2
   584 | D:1      | Reached skill level 3 in Axes
   890 | D:2      | Found a faded altar of an unknown god.
   939 | D:2      | Reached XP level 3. HP: 33/33 MP: 3/3
  1316 | D:2      | Reached XP level 4. HP: 40/40 MP: 4/4
  1320 | D:2      | Reached skill level 4 in Axes
  1891 | D:3      | HP: 1/41 [orc priest/divine providence (15)]
  1894 | D:3      | Reached skill level 5 in Axes
  1894 | D:3      | Reached XP level 5. HP: 2/47 MP: 5/5
  2521 | D:3      | Noticed a kobold brigand
  2538 | D:3      | Killed a kobold brigand
  2539 | D:3      | Reached skill level 5 in Fighting
  2539 | D:3      | Reached XP level 6. HP: 55/56 MP: 6/6
  2580 | D:3      | Found a glowing golden altar of the Shining One.
  2795 | D:4      | Identified the +3 ring mail of Disaster {Str+3 Dex+5}
  2913 | D:4      | Found a runed translucent door.
  2918 | D:4      | Noticed Darold's ghost (amateur KoIE)
  2971 | D:4      | Reached skill level 6 in Axes
  3484 | D:4      | Found a runed translucent door.
  3571 | D:4      | Reached skill level 7 in Axes
  3571 | D:4      | Reached skill level 1 in Dodging
  3571 | D:4      | Reached XP level 7. HP: 53/61 MP: 7/7
  3685 | D:4      | Killed Darold's ghost
  3740 | D:5      | Entered Level 5 of the Dungeon
  4062 | D:5      | Reached skill level 8 in Axes
  4077 | D:5      | Reached skill level 5 in Shields
  4077 | D:5      | Reached XP level 8. HP: 51/70 MP: 8/8
  4208 | D:5      | Noticed Duvessa
  4213 | D:5      | Noticed Dowan
  4214 | D:5      | Killed Duvessa
  4234 | D:5      | Killed Dowan
  4502 | D:5      | Found a staircase to the Ecumenical Temple.
  4523 | Temple   | Entered the Ecumenical Temple
  4689 | Temple   | Became a worshipper of Trog the Wrathful
  4855 | D:5      | Reached skill level 9 in Axes
  4855 | D:5      | Reached skill level 5 in Armour
  4886 | D:5      | Found a runed translucent door.
  4886 | D:5      | Noticed Setanta's ghost (amateur OpFi)
  4886 | D:5      | Noticed a yak
  4955 | D:6      | Found a sand-covered staircase.
  4983 | D:6      | Noticed Sigmund
  4993 | D:6      | Killed Sigmund
  5006 | D:6      | Reached XP level 9. HP: 61/78 MP: 9/9
  5078 | D:6      | Reached skill level 10 in Axes
  5106 | D:6      | Noticed Blork the orc
  5116 | D:6      | Killed Blork the orc
  5851 | D:7      | Noticed a freezing wraith
  5864 | D:7      | Killed a freezing wraith
  5902 | D:7      | Noticed a troll
  5909 | D:7      | Killed a troll
  5910 | D:7      | Reached skill level 11 in Axes
  5910 | D:7      | Reached skill level 1 in Stealth
  5974 | D:7      | Reached * piety under Trog
  6032 | D:7      | Found a shadowy altar of Dithmenos.
  6240 | D:7      | Found a hide-covered altar of Uskayaw.
  6273 | D:7      | Found a blossoming altar of Fedhas.
  6645 | D:7      | Identified a scroll of acquirement
  6645 | D:7      | Acquired the +9 plate armour of the Many Leylines {Will++}
  7032 | D:8      | Reached skill level 12 in Axes
  7032 | D:8      | Reached XP level 10. HP: 81/86 MP: 10/10
  7553 | D:9      | Acquired a +3 heavy executioner's axe
  7681 | D:9      | Reached ** piety under Trog
  8014 | D:9      | Identified the +2 whip "Komanex" {freeze, rPois}
  8568 | D:10     | Entered Level 10 of the Dungeon
  8594 | D:10     | Found a staircase to the Lair.
  8607 | D:10     | Reached skill level 13 in Axes
  8782 | D:10     | Noticed an orange demon
  8793 | D:10     | Killed an orange demon
  8797 | D:10     | Noticed Amaemon
  8822 | D:10     | Killed Amaemon
  9050 | D:10     | Reached skill level 14 in Axes
  9105 | D:10     | Reached XP level 11. HP: 95/95 MP: 11/11
  9841 | D:11     | Noticed a two-headed ogre
  9867 | D:11     | Killed a two-headed ogre
 10119 | D:11     | Noticed a boulder beetle
 10165 | D:11     | Killed a boulder beetle
 10302 | D:11     | Found a blossoming altar of Fedhas.
 10364 | D:12     | Noticed a two-headed ogre
 10376 | D:12     | Killed a two-headed ogre
 10515 | D:12     | Noticed a manticore
 10526 | D:12     | Killed a manticore
 10527 | D:12     | Reached skill level 15 in Axes
 10593 | D:12     | Noticed a boulder beetle
 10643 | D:12     | Killed a boulder beetle
 10976 | D:12     | Noticed a cyan ugly thing
 10992 | D:12     | Killed a cyan ugly thing
 11177 | D:12     | Reached *** piety under Trog
 11290 | D:12     | Reached skill level 10 in Fighting
 11397 | D:12     | Noticed Nessos
 11411 | D:12     | Killed Nessos
 11412 | D:12     | Reached skill level 10 in Shields
 11559 | D:12     | Found Ciebe's Jewellery Shoppe.
 11632 | D:12     | Reached skill level 16 in Axes
 11632 | D:12     | Reached XP level 12. HP: 98/106 MP: 12/12
 11688 | D:12     | Identified the +8 falchion of Fate {drain, *Corrode Fly
                  | MP+9 Str+2 SInv}
 11740 | D:12     | Found a roughly hewn altar of Beogh.
 11740 | D:12     | Found a staircase to the Orcish Mines.
 12352 | D:13     | Noticed a two-headed ogre
 12356 | D:13     | Noticed a boulder beetle
 12365 | D:13     | Killed a two-headed ogre
 12398 | D:13     | Killed a boulder beetle
 12731 | D:13     | Noticed a boulder beetle
 12765 | D:13     | Killed a boulder beetle
 12765 | D:13     | Reached **** piety under Trog
 12994 | D:13     | Found a gate to the Vaults.
 12994 | D:13     | Noticed a vault guard
 13011 | D:13     | Killed a vault guard
 13019 | D:13     | Reached skill level 17 in Axes
 13049 | D:13     | Identified the +6 quarterstaff "Taihua" {protect, rC- Str+7
                  | Dex+2}
 13083 | D:13     | Reached XP level 13. HP: 113/117 MP: 13/13
 13403 | D:14     | Noticed Snorg
 13429 | D:14     | Mangled by Snorg

Illustrated notes

Levels and vault maps discovered:
D:1:      dpeg_arrival_houses_and_road, layout_loops_ring,
          hangedman_decor_opposing
D:2:      layout_loops_corners, ebering_ecumenical_altar_webs,
          grunt_ministairs_5, nicolae_underground_beach
D:3:      layout_rooms, nicolae_overflow_hidden_temple
D:4:      layout_loops_ring, ebering_ghost_sewer_f
D:5:      layout_rooms, minmay_temple_entry_butterflies,
          ebering_ghost_inner_flame, uniq_duvessa
D:6:      layout_cave_pools, nicolae_ossuary_entry_plus, uniq_sigmund,
          uniq_blork_the_orc
D:7:      nicolae_cairo_tiling_large, layout_gridville, kennysheep_little_box,
          mainiacjoe_overflow_two_lobes, minmay_three_doors
D:8:      layout_basic, item_on_display_a
D:9:      layout_roguey, nicolae_elevator_lobby_plus
D:10:     layout_rooms, erik_lair_orcish_takeover, uniq_amaemon
D:11:     layout_cave_pools, fedhas_altar_fruit_tree
D:12:     layout_irregular_city, david_orc_5, serial_shops,
          nicolae_shop_gaudy_bauble, uniq_nessos
D:13:     nicolae_hitomezashi [nicolae_hito_row, nicolae_hito_row,
          nicolae_hito_row, nicolae_hito_row, nicolae_hito_row,
          nicolae_hito_row, nicolae_hito_row, nicolae_hito_row,
          nicolae_hito_row, nicolae_hito_row, nicolae_hito_row,
          nicolae_hito_row, nicolae_hito_row, nicolae_hito_row,
          nicolae_hito_row, nicolae_hito_row, nicolae_hito_row,
          nicolae_hito_row], layout_rooms, grunt_vaults_entry_tiered
D:14:     layout_loops_ring, serial_bayou_ford_a, minivault_25,
          reono_crystal_passage, uniq_snorg
Temple:   regret_index_temple_chain_breaker

Skill      XL: |  1  2  3  4  5  6  7  8  9 10 11 12 13 |
---------------+----------------------------------------+-----
Fighting       | 4 5 6 7 8 10 11 12 | 12.0
Axes           | 3 5 7 8 9 12 14 16 17 | 17.5
Armour         | 4 5 6 8 9 |  9.6
Shields        | 4 5 7 8 10 11 12 | 12.0
Dodging        | 1 2 3 |  3.8
Stealth        | 1 |  1.6

Action                     |  1- 3 |  4- 6 |  7- 9 | 10-12 | 13-15 || total
---------------------------+-------+-------+-------+-------+-------++-------
  Melee: War axe           |    87 |   172 |   286 |   684 |     7 ||  1236
         Executioner's axe |       |       |       |       |    18 ||    18
 Invoke: Berserk           |       |       |       |     4 |     1 ||     5
    Use: Scroll            |       |    10 |    13 |     7 |     4 ||    34
         Potion            |       |       |     4 |     3 |     3 ||    10
 Armour: Scale mail        |    46 |    79 |       |       |       ||   125
         Ring mail         |       |    16 |    97 |       |       ||   113
         Plate armour      |       |       |    11 |   387 |    31 ||   429
  Dodge: Dodged            |    58 |    74 |   134 |   181 |    19 ||   466
  Block: Buckler           |    25 |    88 |   150 |   391 |     5 ||   659
         Reflection        |       |     2 |     1 |    13 |     1 ||    17
         Other             |       |       |       |       |    10 ||    10
